 Dungeon Crawl Stone Soup version 0.28-a0-95-g65e1ffefe4 (webtiles) character file.

Game seed: 10662594378403387463

132036 Gargoyl the Envoy of Void (level 17, -2/135 HPs)
             Began as a Gnoll Abyssal Knight on Aug 8, 2021.
             Was a High Priest of Lugonu.
             Slain by a black mamba (6 damage)
             ... on level 1 of the Snake Pit.
             The game lasted 00:51:14 (42625 turns).

Gargoyl the Envoy of Void (Gnoll Abyssal Knight)   Turns: 42625, Time: 00:51:14

Health: -2/135     AC: 23    Str: 26    XL:     17   Next: 11%
Magic:  21/32      EV: 17    Int: 11    God:    Lugonu [*****.]
Gold:   79         SH: 16    Dex: 23    Spells: 38/38 levels left

rFire   . . .      SeeInvis .   z - +6 war axe of Ash {vorpal, rElec Will+ Dex+6}
rCold   . . .      Faith    .   q - +3 buckler
rNeg    . . .      Spirit   .   i - +8 chain mail {Will+}
rPois   .          Reflect  +   n - +2 helmet
rElec   +          Harm     .   (no cloak)
rCorr   .          Rampage  .   (no gloves)
Will    +++..                   (no boots)
Stlth   ++........              a - amulet of reflection
HPRegen 0.32/turn               p - +6 ring of dexterity
MPRegen 0.23/turn               l - +6 ring of strength

@: lethally poisoned (-2 -> -13)
A: fangs 1, strong nose, distributed training, hooves 1, no potion heal 1
a: Renounce Religion, Depart the Abyss, Bend Space, Banish, Corrupt, Enter the
Abyss


You were on level 1 of the Snake Pit.
You worshipped Lugonu.
Lugonu was extremely pleased with you.
You visited 4 branches of the dungeon, and saw 25 of its levels.
You visited the Abyss 3 times.
You visited 1 bazaar.

You collected 2687 gold pieces.
You spent 2608 gold pieces at shops.

Inventory:

Hand Weapons
 z - the +6 war axe of Ash (weapon) {vorpal, rElec Will+ Dex+6}
   (You found it on level 10 of the Dungeon)

   It inflicts extra damage upon your enemies.
   Dex:       It affects your dexterity (+6).
   rElec:     It insulates you from electricity.
   Will:      It increases your willpower.
 B - a +2 hand axe of flaming
 L - a +4 war axe
 O - a +2 hand axe of holy wrath
 P - a +4 hand axe of freezing
Missiles
 k - 41 poisoned darts (quivered)
Armour
 i - a +8 chain mail of willpower (worn)
 n - a +2 helmet (worn)
 q - a +3 buckler (worn)
 N - the +3 plate armour "Fijenum" {rF+}
   (You bought it in a shop on level 1 of the Orcish Mines)

   rF:        It protects you from fire.
Jewellery
 a - an amulet of reflection (around neck)
 b - a ring of poison resistance
 l - a +6 ring of strength (right hand)
 o - a +4 ring of protection
 p - a +6 ring of dexterity (left hand)
 v - a ring of flight
 w - a ring of protection from cold
 A - a ring of protection from cold
 C - a ring of willpower
Wands
 c - a wand of flame (82)
 e - a wand of iceblast (25)
 g - a wand of acid (26)
 r - a wand of mindburst (11)
 t - a wand of polymorph (20)
 G - a wand of digging (8)
Scrolls
 f - 5 scrolls of teleportation
 u - 13 scrolls of identify
 x - a scroll of enchant armour
 D - a scroll of fog
 H - 2 scrolls of fear
 J - a scroll of magic mapping
Potions
 d - 2 potions of lignification
 h - 7 potions of flight
 j - 2 potions of resistance
 m - a potion of cancellation
 s - a potion of invisibility
 E - 3 potions of heal wounds
 F - 5 potions of curing
 I - 2 potions of haste
 K - a potion of brilliance
 Q - a potion of ambrosia
Miscellaneous
 y - a piece from Xom's chessboard (15/15)


   Skills:
 + Level 12.8 Fighting
 + Level 11.3 Short Blades
 + Level 11.3 Long Blades
 + Level 12.0 Axes
 + Level 11.3 Maces & Flails
 + Level 11.3 Polearms
 + Level 11.3 Staves
 + Level 11.3 Slings
 + Level 11.3 Bows
 + Level 11.3 Crossbows
 + Level 11.3 Throwing
 + Level 12.0 Armour
 + Level 11.5 Dodging
 + Level 11.3 Stealth
 + Level 11.3 Shields
 + Level 11.3 Unarmed Combat
 + Level 11.3 Spellcasting
 + Level 9.6 Conjurations
 + Level 9.6 Hexes
 + Level 9.6 Summonings
 + Level 9.6 Necromancy
 + Level 9.6 Translocations
 + Level 9.6 Transmutations
 + Level 9.6 Fire Magic
 + Level 9.6 Ice Magic
 + Level 9.6 Air Magic
 + Level 9.6 Earth Magic
 + Level 9.6 Poison Magic
 + Level 12.9 Invocations
 + Level 11.3 Evocations


You had 38 spell levels left.
You didn't know any spells.
Your spell library contained the following spells:

 Spells                   Type           Power      Damage    Failure   Level
 Magic Dart               Conj           100%       1d8       1%          1
 Sandblast                Erth           54%        2d13      1%          1
 Sting                    Tmut/Pois      100%       1d8       1%          1
 Blink                    Tloc           N/A        N/A       1%          2
 Corpse Rot               Necr/Air       N/A        N/A       1%          2
 Passwall                 Tmut/Erth      22%        N/A       1%          2
 Poisonous Vapours        Pois/Air       54%        N/A       1%          2
 Searing Ray              Conj           54%        3d5       1%          2
 Slow                     Hex            27%        N/A       1%          2
 Confusing Touch          Hex            27%        N/A       2%          3
 Dazzling Flash           Conj/Hex       54%        N/A       2%          3
 Lesser Beckoning         Tloc           13%        N/A       2%          3
 Portal Projectile        Hex/Tloc       54%        N/A       2%          3
 Stone Arrow              Conj/Erth      54%        3d10      2%          3
 Summon Guardian Golem    Hex/Summ       27%        N/A       2%          3
 Vampiric Draining        Necr           13%        2d7       2%          3
 Animate Armour           Summ/Erth      54%        N/A       10%         4
 Dispel Undead            Necr           27%        3d13      10%         4
 Fulminant Prism          Conj/Hex       13%        3d9       10%         4
 Iskenderun's Mystic Bla  Conj/Tloc      27%        2d7       10%         4
 Leda's Liquefaction      Hex/Erth       13%        N/A       10%         4
 Olgreb's Toxic Radiance  Pois           27%        N/A       10%         4
 Blade Hands              Tmut           13%        N/A       26%         5
 Bolt of Magma            Conj/Fire/Erth 13%        4d8       26%         5
 Excruciating Wounds      Necr           13%        N/A       26%         5
 Freezing Cloud           Conj/Ice/Air   13%        6-21      26%         5
 Lee's Rapid Deconstruct  Erth           13%        3d10*     26%         5
 Manifold Assault         Tloc           27%        N/A       26%         5
 Death Channel            Necr           13%        N/A       82%         6
 Starburst                Conj/Fire      13%        8x6d6     82%         6
 Statue Form              Tmut/Erth      18%        N/A       82%         6
 Orb of Destruction       Conj           13%        9d6       100%        7
 Spellforged Servitor     Conj/Summ      13%        N/A       100%        7
 Lehudib's Crystal Spear  Conj/Erth      13%        10d5      100%        8


Dungeon Overview and Level Annotations

Branches:
Dungeon (15/15)            Temple (0/1) D:7            Lair (6/6) D:11
  Swamp (0/4) Lair:3        Snake (2/4) Lair:2        Slime (0/5) Lair:5
    Orc (2/2) D:11            Elf (0/3) Orc:2        Vaults (0/5) D:13
 Depths (0/5) D:15

Altars:
Cheibriados
Gozag
Hepliaklqana
Makhleb
Okawaru
Qazlal
Ru
Sif Muna
Trog
Uskayaw
Wu Jian
Yredelemnul
Zin
The Shining One
Beogh

Shops:
D:2 ?   D:15 [   Orc:1 *   Orc:2 (![(

Annotations:
Lair:2 exclusion: oklob plant, xsansara's ghost, journeyman MiBe
Lair:5 exclusion: 3 oklob plants
Abyss:1 Duvessa, Maggie


Innate Abilities, Weirdness & Mutations

You have very sharp teeth.
Your uncanny sense of smell can sniff out nearby items.
Your experience applies equally to all skills.
You have large cloven feet.
Potions are less effective at restoring your health.


Message History

You block the naga's attack.
The black mamba bites you but does no damage.
The naga warrior spits poison at you.
The splash of poison reflects off an invisible shield around you!
The splash of poison hits the naga warrior but does no damage.
* * * LOW HITPOINT WARNING * * *
The naga warrior constricts you.
Press: ? - help, Shift-Dir - straight line, f/p - naga warrior
Aim: a naga warrior, wielding a +0 glaive and wearing a +0 robe (severely wounded, constricting you, catching its breath, chance to affect: 43%)
The naga warrior is devoured by a tear in reality.
Lugonu claims a new guest.
The naga warrior loses its grip on you.
You feel sick. You block the black mamba's attack.
The naga spits poison at you.
The splash of poison reflects off an invisible shield around you!
The splash of poison hits the naga but does no damage.
The black mamba barely misses you.
Press: ? - help, Shift-Dir - straight line, f - naga
Aim: a naga, wielding a +0 trident and wearing a +0 robe (translocational energy, strong, catching its breath, chance to affect: 76%)
The naga is devoured by a tear in reality.
Lugonu claims a new guest.
You feel sick. You block the black mamba's attack.
The black mamba closely misses you.
You miss the black mamba. You kick the black mamba. You bite the black mamba.
The black mamba is moderately wounded.
You feel sick. The black mamba bites you.
* * * LOW HITPOINT WARNING * * *
You are lethally poisoned!
The black mamba poisons you!
You closely miss the black mamba. Your kick misses the black mamba.
The black mamba is moderately wounded.
* * * LOW HITPOINT WARNING * * *
You feel very sick. You block the black mamba's attack. x2
You slash the black mamba! You kick the black mamba.
The black mamba is severely wounded.
* * * LOW HITPOINT WARNING * * *
You feel very sick. The black mamba closely misses you.
The black mamba bites you.
You die...

### #.
# ##
.#..
#..##
#...##
#....##
#.§#..#
#S§§#
#@#..#
#.# .#
#.# ..
∆ ##.#
.. ∆
#..###
..
#....#
.
##.#..#
#.##.##
####.#
###


You could see a black mamba.

Vanquished Creatures
  Saint Roka (Orc:2)
  Kirke (Lair:5)
  The ghost of Zandan the Geomancer, a journeyman GrEE of Vehumet (D:14)
  2 fire dragons
  7 boulder beetles
  4 vault guards (D:13)
  A salamander tyrant (Snake:1)
  3 catoblepae
  2 centaur warriors
  2 hydras
  2 anacondas (Snake:1)
  5 two-headed ogres
  Urug (Lair:4)
  2 tengu warriors
  17 death yaks
  2 shock serpents (Snake:1)
  Nergalle (Lair:1)
  A salamander mystic (Snake:2)
  A fire crab (Lair:6)
  3 deep trolls (D:15)
  A wizard (D:15)
  A swamp dragon (Lair:6)
  A necromancer (D:15)
  3 orc knights
  2 deep elf pyromancers
  The ghost of Gilette the Geomancer, a novice DrEE (D:7)
  A wolf spider (D:14)
  An orc sorcerer (Orc:1)
  9 ugly things
  A mana viper (Snake:1)
  3 manticores
  3 salamanders (Snake:1)
  7 cyclopes
  11 elephants
  12 black mambas
  A guardian serpent (Lair:1)
  A torpor snail (Lair:6)
  A gargoyle (D:12)
  18 cane toads
  2 unseen horrors
  2 rime drakes
  7 komodo dragons
  An efreet (D:13)
  A freezing wraith (D:15)
  3 yaktaurs (D:15)
  A meliai (shapeshifter) (D:15)
  2 hornets (D:9)
  7 trolls
  13 polar bears
  18 slime creatures
  6 raiju (Lair:6)
  19 blink frogs
  A dream sheep (Lair:6)
  2 wraiths
  68 yaks
  A shadow (D:12)
  Eustachio (D:5)
  5 hogs
  4 wyverns
  8 humans (D:13)
  11 basilisks
  3 steam dragons
  4 vampire mosquitoes
  7 wargs
  3 nagas (Snake:1)
  5 acid dragons
  13 hell hounds
  16 water moccasins
  30 orc warriors
  A swamp drake (Lair:6)
  23 black bears
  2 ice beasts
  A necrophage (D:6)
  2 ogres
  A sky beast (D:6)
  28 wolves
  10 centaurs
  A phantom (D:4)
  2 kobold brigands
  Blork the orc (D:4)
  16 bullfrogs
  A scorpion (D:4)
  Dowan (D:5)
  A wyvern zombie (D:7)
  A water moccasin zombie (D:5)
  A wyvern skeleton (D:7)
  A small abomination (Abyss:1)
  8 killer bees (D:7)
  2 wights
  3 electric eels
  5 howler monkeys
  8 centaur zombies
  2 hounds
  3 bullfrog zombies
  3 jellies (Lair:5)
  2 gnoll shamans (D:5)
  19 orc priests
  3 centaur skeletons
  Ijyb (D:4)
  7 iguanas
  Terence (D:3)
  21 orc wizards
  4 hell rats (Lair:4)
  2 killer bee zombies
  A hound zombie (D:5)
  Robin (D:2)
  3 howler monkey zombies (D:7)
  15 gnolls
  7 adders
  A shadow imp (D:7)
  2 white imps (D:6)
  A howler monkey simulacrum (D:9)
  A worm (D:3)
  3 dart slugs
  74 orcs
  4 ball pythons
  8 endoplasms
  11 goblins
  12 hobgoblins
  8 jackals
  12 kobolds
  7 quokkas
  3 bats
  A frilled lizard (D:2)
  8 rats
772 creatures vanquished.

Vanquished Creatures (others)
  A tengu conjurer (D:15)
  An orc priest (D:11)
  An orc (D:11)
  A bush (Lair:6)
  37 fungi
  93 plants
134 creatures vanquished.

Grand Total: 906 creatures vanquished

Notes
Turn   | Place    | Note
-------+----------+-------------------------------------------
     0 | Abyss:1  | Gargoyl the Gnoll Abyssal Knight began the quest for the
                  | Orb.
     0 | Abyss:1  | Reached XP level 1. HP: 23/23 MP: 3/3
   204 | Abyss:2  | Noticed a raiju
   227 | Abyss:3  | Noticed a hellion
   227 | Abyss:3  | Noticed a shadow demon
   227 | Abyss:3  | Noticed a raiju
   227 | Abyss:3  | Noticed a rime drake
   227 | Abyss:3  | Noticed a yaktaur
   228 | Abyss:3  | Noticed a worldbinder
   228 | D:1      | Escaped the Abyss
   461 | D:1      | Reached XP level 2. HP: 29/29 MP: 5/5
   733 | D:1      | Reached * piety under Lugonu
  1003 | D:1      | Found a faded altar of an unknown god.
  1263 | D:2      | Reached XP level 3. HP: 19/35 MP: 6/6
  1542 | D:2      | Found Jusakye's Magic Scroll Emporium.
  1725 | D:2      | You fall into a shaft and drop 2 floors!
  1725 | D:4      | Noticed Ijyb
  1726 | D:4      | Noticed a phantom
  1726 | D:4      | Noticed an ice beast
  1767 | D:4      | Reached skill level 1 in Short Blades
  1767 | D:4      | Reached skill level 1 in Long Blades
  1767 | D:4      | Reached skill level 1 in Maces & Flails
  1767 | D:4      | Reached skill level 1 in Polearms
  1767 | D:4      | Reached skill level 1 in Staves
  1767 | D:4      | Reached skill level 1 in Slings
  1767 | D:4      | Reached skill level 1 in Bows
  1767 | D:4      | Reached skill level 1 in Crossbows
  1767 | D:4      | Reached skill level 1 in Throwing
  1767 | D:4      | Reached skill level 1 in Stealth
  1767 | D:4      | Reached skill level 1 in Shields
  1767 | D:4      | Reached skill level 1 in Unarmed Combat
  1767 | D:4      | Reached skill level 1 in Spellcasting
  1767 | D:4      | Reached skill level 1 in Evocations
  1767 | D:4      | Reached XP level 4. HP: 20/41 MP: 7/7
  1785 | D:4      | Killed Ijyb
  1786 | D:4      | Reached skill level 1 in Conjurations
  1786 | D:4      | Reached skill level 1 in Hexes
  1786 | D:4      | Reached skill level 1 in Summonings
  1786 | D:4      | Reached skill level 1 in Necromancy
  1786 | D:4      | Reached skill level 1 in Translocations
  1786 | D:4      | Reached skill level 1 in Transmutations
  1786 | D:4      | Reached skill level 1 in Fire Magic
  1786 | D:4      | Reached skill level 1 in Ice Magic
  1786 | D:4      | Reached skill level 1 in Air Magic
  1786 | D:4      | Reached skill level 1 in Earth Magic
  1786 | D:4      | Reached skill level 1 in Poison Magic
  1818 | D:4      | Killed a phantom
  1819 | D:4      | Reached XP level 5. HP: 16/47 MP: 8/8
  1826 | D:4      | HP: 1/47 [ice beast (5)]
  1836 | D:4      | HP: 2/47 [ice beast (7)]
  1838 | D:4      | Killed an ice beast
  1839 | D:4      | Reached skill level 5 in Invocations
  1839 | D:4      | Reached XP level 6. HP: 3/53 MP: 9/9
  2149 | D:4      | Found a shimmering blue altar of Sif Muna.
  2476 | D:4      | Reached skill level 5 in Axes
  2476 | D:4      | Reached skill level 5 in Armour
  2629 | D:4      | Reached ** piety under Lugonu
  3026 | D:3      | Noticed Terence
  3030 | D:3      | Killed Terence
  3031 | D:3      | Reached XP level 7. HP: 59/59 MP: 10/10
  3498 | D:2      | Noticed Robin
  3514 | D:2      | Killed Robin
  3917 | D:3      | Found an opulent altar of Gozag.
  4511 | D:5      | Entered Level 5 of the Dungeon
  4821 | D:5      | Reached *** piety under Lugonu
  4822 | D:5      | Noticed Duvessa
  5100 | D:5      | Noticed Blork the orc
  5118 | D:4      | Killed Blork the orc
  5492 | D:5      | Noticed Dowan
  5493 | D:5      | Banished Duvessa
  5494 | D:5      | Reached XP level 8. HP: 42/60 MP: 7/12
  5941 | D:5      | Killed Dowan
  6144 | D:5      | Found a hide-covered altar of Uskayaw.
  6144 | D:5      | Found a stormy altar of Qazlal.
  6285 | D:5      | Noticed Eustachio
  6310 | D:5      | Killed Eustachio
  6722 | D:5      | Found a bloodstained altar of Trog.
  6722 | D:5      | Found an iron altar of Okawaru.
  7064 | D:6      | Reached XP level 9. HP: 48/72 MP: 14/14
  7322 | D:6      | Found an ornate altar of the Wu Jian Council.
  7322 | D:6      | Found a hazy altar of Hepliaklqana.
  7716 | D:5      | Found a sacrificial altar of Ru.
  8302 | D:7      | Reached skill level 5 in Dodging
  8311 | D:7      | Found a basalt altar of Yredelemnul.
  8487 | D:7      | Reached **** piety under Lugonu
  8821 | D:7      | Found a staircase to the Ecumenical Temple.
  8828 | D:7      | Noticed Maggie
  8830 | D:7      | Banished Maggie
  8900 | D:7      | Found a runed translucent door.
  9115 | D:7      | Noticed Gilette's ghost (novice DrEE)
  9128 | D:7      | Killed Gilette's ghost
  9129 | D:7      | Reached XP level 10. HP: 80/80 MP: 15/17
  9616 | D:7      | Reached skill level 5 in Short Blades
  9616 | D:7      | Reached skill level 5 in Long Blades
  9616 | D:7      | Reached skill level 5 in Maces & Flails
  9616 | D:7      | Reached skill level 5 in Polearms
  9616 | D:7      | Reached skill level 5 in Staves
  9616 | D:7      | Reached skill level 5 in Slings
  9616 | D:7      | Reached skill level 5 in Bows
  9616 | D:7      | Reached skill level 5 in Crossbows
  9616 | D:7      | Reached skill level 5 in Throwing
  9616 | D:7      | Reached skill level 5 in Stealth
  9616 | D:7      | Reached skill level 5 in Shields
  9616 | D:7      | Reached skill level 5 in Unarmed Combat
  9616 | D:7      | Reached skill level 5 in Spellcasting
  9616 | D:7      | Reached skill level 5 in Evocations
 11260 | D:8      | Noticed a two-headed ogre
 11286 | D:8      | Killed a two-headed ogre
 11563 | D:8      | Found a snail-covered altar of Cheibriados.
 12211 | D:9      | Noticed a two-headed ogre
 12245 | D:9      | Killed a two-headed ogre
 12729 | D:9      | Noticed a two-headed ogre
 12733 | D:9      | Noticed a cyclops
 12750 | D:10     | Entered Level 10 of the Dungeon
 12975 | D:9      | Reached XP level 11. HP: 77/87 MP: 19/19
 13144 | D:9      | Reached skill level 5 in Conjurations
 13144 | D:9      | Reached skill level 5 in Hexes
 13144 | D:9      | Reached skill level 5 in Summonings
 13144 | D:9      | Reached skill level 5 in Necromancy
 13144 | D:9      | Reached skill level 5 in Translocations
 13144 | D:9      | Reached skill level 5 in Transmutations
 13144 | D:9      | Reached skill level 5 in Fire Magic
 13144 | D:9      | Reached skill level 5 in Ice Magic
 13144 | D:9      | Reached skill level 5 in Air Magic
 13144 | D:9      | Reached skill level 5 in Earth Magic
 13144 | D:9      | Reached skill level 5 in Poison Magic
 13448 | D:9      | Noticed a centaur warrior
 13450 | D:9      | Noticed a cyclops
 13453 | D:9      | Noticed a purple ugly thing
 13456 | D:9      | Banished a cyclops
 13459 | D:9      | HP: 3/89 [centaur warrior (9)]
 13479 | D:9      | Banished a cyclops
 13841 | D:9      | Banished a purple ugly thing
 13969 | D:9      | Noticed a red ugly thing
 13969 | D:9      | Noticed a tengu warrior
 13971 | D:9      | Banished a red ugly thing
 13972 | D:9      | Banished a tengu warrior
 14060 | D:9      | Noticed a cyclops
 14074 | D:9      | Killed a cyclops
 14234 | D:9      | Noticed a tengu warrior
 14246 | D:9      | Killed a tengu warrior
 15406 | D:10     | Noticed a two-headed ogre
 15450 | D:10     | Killed a two-headed ogre
 15678 | D:10     | Noticed a two-headed ogre
 15748 | D:10     | Killed a two-headed ogre
 15749 | D:10     | Reached XP level 12. HP: 91/96 MP: 22/22
 15810 | D:10     | Identified the +6 war axe of Ash {vorpal, rElec Will+
                  | Dex+6}
 16109 | D:10     | Found a burning altar of Makhleb.
 16112 | D:10     | Found a glowing silver altar of Zin.
 16113 | D:10     | Noticed an angel
 16115 | D:10     | Noticed a balrug
 16535 | D:11     | Found a staircase to the Lair.
 16551 | D:11     | Killed a two-headed ogre
 17232 | D:11     | Found a staircase to the Orcish Mines.
 17613 | D:11     | Identified the +6 scale mail of Trumpets {rF++}
 17638 | D:11     | Found an iron altar of Okawaru.
 18354 | Lair:1   | Entered Level 1 of the Lair of Beasts
 18376 | Lair:1   | Noticed a five-headed hydra
 18378 | Lair:1   | Banished a five-headed hydra
 18685 | Lair:1   | Noticed Nergalle
 18696 | Lair:1   | Killed Nergalle
 18697 | Lair:1   | Reached skill level 10 in Fighting
 19397 | Lair:1   | Noticed a seven-headed hydra
 19409 | Lair:1   | Banished a seven-headed hydra
 19410 | Lair:1   | Reached XP level 13. HP: 103/103 MP: 19/24
 20240 | Lair:2   | Found a transporter.
 20273 | Lair:2   | Reached skill level 10 in Invocations
 20290 | Lair:1   | HP: 3/104 [cane toad (18)]
 20938 | Lair:2   | Noticed xsansara's ghost (journeyman MiBe)
 20959 | Lair:2   | Found a transporter.
 21287 | Lair:2   | Found a staircase to the Snake Pit.
 23526 | Lair:3   | Found a staircase to the Swamp.
 23950 | Lair:4   | Reached XP level 14. HP: 93/111 MP: 26/26
 24233 | Lair:3   | Reached skill level 10 in Axes
 24233 | Lair:3   | Reached skill level 10 in Armour
 25806 | Lair:4   | Found a glowing golden altar of the Shining One.
 25847 | Lair:4   | Noticed Urug
 25852 | Lair:4   | Cast into level 1 of the Abyss (Urug)
 25852 | Abyss:1  | Found a corrupted altar of Lugonu.
 25941 | Abyss:1  | Noticed a bone dragon
 25942 | Lair:4   | Escaped the Abyss
 25962 | Lair:4   | Killed Urug
 26402 | Lair:4   | HP: 5/113 [death yak (19)]
 27545 | Lair:5   | Found a staircase to the Slime Pits.
 28395 | Lair:6   | Entered Level 6 of the Lair of Beasts
 28597 | Lair:5   | Reached skill level 10 in Dodging
 28763 | Lair:6   | Noticed Kirke
 29097 | Lair:5   | Killed Kirke
 29098 | Lair:5   | Reached XP level 15. HP: 76/119 MP: 28/28
 30506 | Lair:6   | Reached skill level 10 in Short Blades
 30506 | Lair:6   | Reached skill level 10 in Long Blades
 30506 | Lair:6   | Reached skill level 10 in Maces & Flails
 30506 | Lair:6   | Reached skill level 10 in Polearms
 30506 | Lair:6   | Reached skill level 10 in Staves
 30506 | Lair:6   | Reached skill level 10 in Slings
 30506 | Lair:6   | Reached skill level 10 in Bows
 30506 | Lair:6   | Reached skill level 10 in Crossbows
 30506 | Lair:6   | Reached skill level 10 in Throwing
 30506 | Lair:6   | Reached skill level 10 in Stealth
 30506 | Lair:6   | Reached skill level 10 in Shields
 30506 | Lair:6   | Reached skill level 10 in Unarmed Combat
 30506 | Lair:6   | Reached skill level 10 in Spellcasting
 30506 | Lair:6   | Reached skill level 10 in Evocations
 32023 | Lair:6   | Reached ***** piety under Lugonu
 32928 | D:12     | Found a glowing silver altar of Zin.
 33742 | D:13     | Reached XP level 16. HP: 112/127 MP: 30/30
 34241 | D:13     | Found a gate to the Vaults.
 34366 | D:14     | Gained mutation: You sometimes lose the ability to read
                  | scrolls when taking damage. [potion of mutation]
 34366 | D:14     | Gained mutation: You are robust. (+10% HP) [potion of
                  | mutation]
 35062 | D:14     | Found a runed translucent gate.
 35062 | D:14     | Found a runed translucent gate.
 35062 | D:14     | Found a runed translucent gate.
 35062 | D:14     | Noticed Zandan's ghost (journeyman GrEE)
 35500 | D:14     | Escaped the Abyss
 35988 | D:14     | Killed Zandan's ghost
 36171 | D:15     | Entered Level 15 of the Dungeon
 37284 | D:15     | Found Guqypt's Antique Armour Emporium.
 37328 | D:15     | Bought a glowing scarf for 296 gold pieces
 37607 | D:15     | Found a staircase to the Depths.
 37870 | Orc:1    | Entered Level 1 of the Orcish Mines
 37887 | Orc:1    | Found Gaotyl Maro's Assorted Antiques.
 37895 | Orc:1    | Bought a scroll of teleportation for 72 gold pieces
 37895 | Orc:1    | Bought a scroll of teleportation for 72 gold pieces
 37895 | Orc:1    | Bought a potion of might for 96 gold pieces
 37895 | Orc:1    | Bought a steaming plate armour for 672 gold pieces
 37895 | Orc:1    | Identified the +3 plate armour "Fijenum" {rF+} (You bought
                  | it in a shop on level 1 of the Orcish Mines)
 37895 | Orc:1    | Bought a coiled copper amulet for 120 gold pieces
 37895 | Orc:1    | Identified the amulet of Galapo {Faith rC++} (You bought it
                  | in a shop on level 1 of the Orcish Mines)
 38105 | Orc:2    | Entered Level 2 of the Orcish Mines
 39231 | Orc:2    | Found Vyqoil's Distillery.
 39295 | Orc:2    | Bought a potion of heal wounds for 80 gold pieces
 39295 | Orc:2    | Bought a potion of resistance for 160 gold pieces
 39295 | Orc:2    | Bought a potion of resistance for 160 gold pieces
 39295 | Orc:2    | Bought a potion of ambrosia for 128 gold pieces
 39295 | Orc:2    | Bought a potion of mutation for 128 gold pieces
 39295 | Orc:2    | Bought a potion of curing for 48 gold pieces
 39295 | Orc:2    | Bought a potion of curing for 48 gold pieces
 39295 | Orc:2    | Bought a potion of curing for 48 gold pieces
 39540 | Orc:2    | Found Cuamevou's Weapon Shop.
 39630 | Orc:2    | Found a staircase to the Elven Halls.
 39749 | Orc:2    | Found Fufuhuh's Distillery.
 39931 | Orc:2    | Bought a potion of heal wounds for 85 gold pieces
 39931 | Orc:2    | Bought a potion of haste for 170 gold pieces
 40329 | Orc:2    | Noticed Saint Roka
 40956 | Orc:2    | Killed Saint Roka
 41161 | Orc:2    | Found Vif Poughefi's Antique Armour Emporium.
 41170 | Orc:2    | Found Ajirhih's Antique Weapon Shoppe.
 41393 | Snake:1  | Entered Level 1 of the Snake Pit
 41936 | Snake:1  | Found a gateway to a bazaar.
 41967 | Snake:1  | Reached XP level 17. HP: 111/148 MP: 32/32
 41981 | Bazaar   | Entered a bazaar
 42079 | Bazaar   | Found Kohargh's Book Boutique.
 42079 | Bazaar   | Found Appirrop's Weapon Shop.
 42080 | Bazaar   | Found Uxov's Distillery.
 42111 | Bazaar   | Found Ecoddeaxka's Armour Emporium.
 42135 | Bazaar   | Bought a potion of heal wounds for 75 gold pieces
 42135 | Bazaar   | Bought 2 potions of heal wounds for 150 gold pieces
 42144 | Snake:1  | Lost mutation: You sometimes lose the ability to read
                  | scrolls when taking damage. [potion of mutation]
 42144 | Snake:1  | Lost mutation: You are robust. (+10% HP) [potion of
                  | mutation]
 42144 | Snake:1  | Gained mutation: Potions are less effective at restoring
                  | your health. [potion of mutation]
 42144 | Snake:1  | Gained mutation: Your spells are a little easier to cast,
                  | but a little less powerful. [potion of mutation]
 42144 | Snake:1  | Gained mutation: You sometimes lose the ability to read
                  | scrolls when taking damage. [potion of mutation]
 42145 | Snake:1  | Lost mutation: You sometimes lose the ability to read
                  | scrolls when taking damage. [potion of mutation]
 42145 | Snake:1  | Lost mutation: Your spells are a little easier to cast, but
                  | a little less powerful. [potion of mutation]
 42145 | Snake:1  | Gained mutation: You have large cloven feet. [potion of
                  | mutation]
 42616 | Snake:1  | HP: 3/135 [naga warrior (6)]
 42624 | Snake:1  | HP: 6/135 [poisoned by a black mamba]
 42625 | Snake:1  | Slain by a black mamba

Illustrated notes

Levels and vault maps discovered:
D:1:      amcnicky_arrival_choice, layout_loops_corners,
          dreamdust_ecumenical_altar_grove, hangedman_decor_lopped,
          minmay_3d_cube
D:2:      layout_basic, serial_shops, shop, uniq_robin
D:3:      layout_basic, nicolae_gozag_cash_rules_everything_around_me,
          uniq_terence
D:4:      layout_basic, lemuel_crystal_altar, uniq_ijyb
D:5:      layout_loops_ring, grunt_temple_overflow_bloody_war,
          nicolae_overflow_hidden_temple, uniq_blork_the_orc, uniq_eustachio,
          uniq_duvessa
D:6:      layout_loops_cross, amethyst_overflow_temple_binary,
          nicolae_ossuary_entry_monument
D:7:      layout_basic, nicolae_yredelemnul_corpse_copse,
          minmay_temple_entry_enclosed_plants, ebering_ghost_reflecting_pool,
          uniq_maggie
D:8:      layout_cave_pools, marbit_many_paths
D:9:      hangedman_cross_veins, layout_basic
D:10:     layout_loops_cross, grunt_temple_overflow_order_and_chaos_2,
          chequers_garden
D:11:     layout_long_grid, lair_entry_dummy, erik_orc_2,
          okawaru_ov_weapons_minmay
D:12:     layout_gridville, zin_statuary
D:13:     layout_rooms, ximxim_vaults_locker_room, grunt_ministairs_15
D:14:     layout_basic, gammafunk_ghost_split, minmay_staircase_bubble
D:15:     hangedman_depths_entry_civil_slaughter, layout_basic, serial_shops,
          shop, minivault_23, chequers_mini_garden
Lair:1:   layout_hall_layers, enter_volcano_3, nicolae_lair_grove_arrangements,
          uniq_nergalle
Lair:2:   layout_misc_corridors, minmay_snake_entry_spellcaster,
          nzn_ghost_randoct
Lair:3:   layout_roguey, palyth_hydra_swamp_entry,
          eino_small_chamber_without_monster, beast_lair_carwin_7,
          infiniplex_staircase_pool
Lair:4:   beast_lair_carwin_large_3, layout_regular_city, basic_altar,
          chequers_serial_rivers_small_3, serial_bayou_shore_b,
          infiniplex_staircase_pool_2, uniq_urug
Lair:5:   layout_small_grid, minmay_slime_entry_pillars, serial_bayou_shore_b,
          grunt_megastairs_3, minmay_lair_oklob_chamber
Lair:6:   hangedman_lair_caniforms_friends, layout_hall_layers,
          guppyfry_lair_end_dragon, serial_bayou_shore_a, uniq_kirke
Snake:1:  layout_chambers, serial_shops, bzr_entry_customers, special_room,
          hangedman_snake_corridor_split, uniq_aizul
Snake:2:  dpeg_oklob_gauntlet, layout_gridlike, minmay_shop_star,
          grunt_megastairs_4, uniq_roxanne, uniq_vashnia, uniq_nikola
Orc:1:    layout_diamond_mine, serial_shops, nicolae_diamond_shop
Orc:2:    grunt_orc_community_town_hall, layout_diamond_mine,
          grunt_orc_community_big_house_1, grunt_orc_community_big_house_1,
          grunt_orc_community_house_1, grunt_orc_community_house_2,
          grunt_orc_community_house_1, grunt_orc_community_house_2,
          serial_shops, shop, basic_altar

Skill      XL: |  1  2  3  4  5  6  7  8  9 10 11 12 13 14 15 16 |
---------------+-------------------------------------------------+-----
Short Blades   | 1 2 3 4 5 6 7 8 9 10 11 | 11.3
Long Blades    | 1 2 3 4 5 6 7 8 9 10 11 | 11.3
Maces & Flails | 1 2 3 4 5 6 7 8 9 10 11 | 11.3
Polearms       | 1 2 3 4 5 6 7 8 9 10 11 | 11.3
Staves         | 1 2 3 4 5 6 7 8 9 10 11 | 11.3
Slings         | 1 2 3 4 5 6 7 8 9 10 11 | 11.3
Bows           | 1 2 3 4 5 6 7 8 9 10 11 | 11.3
Crossbows      | 1 2 3 4 5 6 7 8 9 10 11 | 11.3
Throwing       | 1 2 3 4 5 6 7 8 9 10 11 | 11.3
Stealth        | 1 2 3 4 5 6 7 8 9 10 11 | 11.3
Shields        | 1 2 3 4 5 6 7 8 9 10 11 | 11.3
Unarmed Combat | 1 2 3 4 5 6 7 8 9 10 11 | 11.3
Spellcasting   | 1 2 3 4 5 6 7 8 9 10 11 | 11.3
Evocations     | 1 2 3 4 5 6 7 8 9 10 11 | 11.3
Conjurations   | 1 2 3 4 5 6 7 8 9 |  9.6
Hexes          | 1 2 3 4 5 6 7 8 9 |  9.6
Summonings     | 1 2 3 4 5 6 7 8 9 |  9.6
Necromancy     | 1 2 3 4 5 6 7 8 9 |  9.6
Translocations | 1 2 3 4 5 6 7 8 9 |  9.6
Transmutations | 1 2 3 4 5 6 7 8 9 |  9.6
Fire Magic     | 1 2 3 4 5 6 7 8 9 |  9.6
Ice Magic      | 1 2 3 4 5 6 7 8 9 |  9.6
Air Magic      | 1 2 3 4 5 6 7 8 9 |  9.6
Earth Magic    | 1 2 3 4 5 6 7 8 9 |  9.6
Poison Magic   | 1 2 3 4 5 6 7 8 9 |  9.6
Dodging        | 3 4 5 6 7 8 9 10 11 | 11.5
Invocations    | 5 6 7 8 9 10 11 12 | 12.9
Axes           | 5 6 7 8 9 10 11 12 | 12.0
Armour         | 5 6 7 8 9 10 11 12 | 12.0
Fighting       | 7 8 9 10 11 12 | 12.8

Action                   |  1- 3 |  4- 6 |  7- 9 | 10-12 | 13-15 | 16-18 || total
-------------------------+-------+-------+-------+-------+-------+-------++-------
Melee: Hand axe          |    86 |   101 |   581 |   417 |    12 |    13 ||  1210
       Bite              |     9 |    11 |    77 |    95 |   271 |   154 ||   617
       Punch             |       |       |     4 |       |       |       ||     4
       War axe           |       |       |       |   206 |  1234 |   665 ||  2105
       Unarmed           |       |       |       |       |     2 |       ||     2
       Kick              |       |       |       |       |       |    24 ||    24
Throw: Dart              |       |     2 |     1 |    43 |    12 |    17 ||    75
Invok: Depart the Abyss  |     1 |       |       |       |     1 |     1 ||     3
       Banish            |       |       |     3 |    15 |    15 |     6 ||    39
       Bend Space        |       |       |       |     3 |     4 |       ||     7
       Enter the Abyss   |       |       |       |       |       |     1 ||     1
Evoke: Wand              |       |     4 |     9 |     8 |       |       ||    21
  Use: Scroll            |     5 |       |    11 |    10 |     9 |     7 ||    42
       Potion            |     3 |     4 |     4 |     2 |     4 |    14 ||    31
 Stab: Sleeping          |       |       |       |       |     2 |     2 ||     4
       Distracted        |       |       |       |       |     1 |       ||     1
       Invisible         |       |       |       |       |       |     4 ||     4
Armor: Scale mail        |    19 |       |       |       |       |       ||    19
       Plate armour      |    60 |    99 |       |       |       |       ||   159
       Chain mail        |       |       |   413 |   311 |   578 |   210 ||  1512
Dodge: Dodged            |    40 |    29 |   250 |   289 |   728 |   302 ||  1638
Block: Buckler           |       |       |    76 |   275 |  1114 |   540 ||  2005
       Reflection        |       |       |       |       |     9 |    22 ||    31
       Other             |       |       |       |       |     5 |       ||     5

Table legend: (Time is in decaauts)
 A = Elapsed time spent in this place.
 B = Non-inter-level travel time spent in this place.
 C = Inter-level travel time spent in this place.
 D = Time resting spent in this place.
 E = Time spent auto-exploring this place.
 F = Levels seen in this place.
 G = Mean time per level.
                   A        B        C        D        E       F      G
               +--------+--------+--------+--------+--------+-----+--------+
         Total |  42640 |  41171 |   1469 |  12704 |  20820 |  31 | 1375.5 |
       Dungeon |  23596 |  22640 |    956 |   6955 |  11720 |  15 | 1573.1 |
          Lair |  14088 |  13707 |    381 |   4484 |   6578 |   6 | 2348.0 |
     Snake Pit |   1060 |   1060 |      0 |    403 |    458 |   2 |  530.0 |
  Orcish Mines |   3370 |   3239 |    131 |    670 |   1861 |   2 | 1685.0 |
         Abyss |    362 |    362 |      0 |    191 |     66 |   5 |   72.4 |
        Bazaar |    161 |    161 |      0 |      0 |    136 |   1 |  161.0 |
               +--------+--------+--------+--------+--------+-----+--------+

Top non-repeatable levels by time:
  Lair:3: 2926 daAuts
     D:9: 2811 daAuts
  Lair:6: 2731 daAuts
  Lair:5: 2674 daAuts
     D:7: 2598 daAuts
     D:4: 2534 daAuts
  Lair:1: 2456 daAuts
   Orc:2: 2414 daAuts
    D:11: 2279 daAuts
  Lair:4: 1895 daAuts
    D:14: 1782 daAuts
    D:15: 1577 daAuts
    D:10: 1447 daAuts
     D:5: 1436 daAuts
  Lair:2: 1403 daAuts
